 Dungeon Crawl Stone Soup version 0.28.0-53-g5a82cb258f (webtiles) character file.

Game seed: 8908298338033404090

2800 Sin92 the Cleaver (level 9, 0/118 HPs)
             Began as a Minotaur Fighter on June 7, 2022.
             Was a Follower of Okawaru.
             Slain by an orc warrior
             ... wielding a +0 glaive
              (6 damage)
             ... on level 7 of the Dungeon.
             The game lasted 00:11:23 (6177 turns).

Sin92 the Cleaver (Minotaur Fighter)                Turns: 6177, Time: 00:11:24

Health: 0/118      AC: 24    Str: 21 (22) XL:     9   Next: 44%
Magic:  9/9        EV:  2    Int:  2 (5)  God:    Okawaru [*.....]
Gold:   301        SH: 10    Dex: 12 (13) Spells: 8/8 levels left

rFire   + . .      SeeInvis .   a - +0 war axe
rCold   + . .      Faith    .   h - +0 kite shield
rNeg    . . .      Spirit   .   (armour currently unavailable)
rPois   +          Reflect  .   (helmet currently unavailable)
rElec   +          Harm     .   (cloak currently unavailable)
rCorr   +          Rampage  .   (gloves currently unavailable)
Will    +....      NoTele   +   (boots currently unavailable)
Stlth   +.........              (no amulet)
HPRegen 0.29/turn               d - ring of willpower
MPRegen 0.11/turn               (no ring)

@: tree-form, resistant, hasted, invisible, very quick
A: stationary, stasis, torment immunity, boosted hp, (horns 2), (retaliatory
headbutt)
a: Renounce Religion, Heroism


You were on level 7 of the Dungeon.
You worshipped Okawaru.
Okawaru was aware of your devotion.
You were a tree.
You visited 2 branches of the dungeon, and saw 8 of its levels.

You collected 301 gold pieces.

Inventory:

Hand Weapons
 a - a +0 war axe (weapon)
Armour
 f - a +1 chain mail
 h - a +0 kite shield (worn)
 k - a +0 cloak (melded)
 o - a +8 plate armour of ponderousness (melded)
Jewellery
 d - a ring of willpower (left branch)
Wands
 l - a wand of charming (11)
Scrolls
 q - 6 scrolls of identify
Potions
 i - 2 potions of attraction
 j - a potion of mutation


   Skills:
 + Level 7.2 Fighting
 * Level 9.3 Axes
 + Level 7.4 Armour
 + Level 5.4 Dodging
 + Level 7.2 Shields
 + Level 1.4 Invocations


You had 8 spell levels left.
You didn't know any spells.
Your spell library contained the following spells:

 Spells                   Type           Power      Damage    Failure   Level
 Sting                    Tmut/Pois      0%         1d3       86%         1
 Blink                    Tloc           0%         N/A       94%         2
 Ensorcelled Hibernation  Hex/Ice        0%         N/A       94%         2
 Poisonous Vapours        Pois/Air       0%         N/A       94%         2
 Lesser Beckoning         Tloc           0%         N/A       99%         3
 Portal Projectile        Hex/Tloc       0%         N/A       99%         3
 Spider Form              Tmut/Pois      0%         N/A       99%         3
 Anguish                  Hex/Necr       0%         N/A       100%        4
 Leda's Liquefaction      Hex/Erth       0%         N/A       100%        4
 Olgreb's Toxic Radiance  Pois           0%         N/A       100%        4
 Manifold Assault         Tloc           0%         N/A       100%        5
 Call Canine Familiar     Summ           Unusable   N/A       N/A         3

Dungeon Overview and Level Annotations

Branches:
Dungeon (7/15)             Temple (1/1) D:5

Altars:
Cheibriados
Elyvilon
Kikubaaqudgha
Okawaru
Wu Jian
Xom

Shops:
D:1 :(

Annotations:
D:5 2 transporters


Innate Abilities, Weirdness & Mutations

You are a tree.
Your roots penetrate the ground, keeping you stationary.
You cannot be teleported.
You are immune to unholy pain and torment.
Your maximum health is greatly increased.
Your equipment is partially melded.
((You have a pair of horns on your head.))
((You reflexively headbutt those who attack you in melee.))


Message History

You block the orc warrior's attack.
It was a potion of degeneration.
There was something very wrong with that liquid.
You feel weakened.
You feel dopey.
You feel clumsy. You block the orc warrior's attack.
It was a potion of resistance.
You feel protected.
As you read the scroll labelled UNUAR HIPA, it crumbles to dust.
You cannot blink because you are held in place by your roots.
It was a scroll of blinking.
The orc warrior hits you but does no damage.
Okay, then.
You don't have any unidentified items.
You cannot move.
You swing at nothing.
You block the orc warrior's attack.
You swing at nothing.
You block the orc warrior's attack.
You swing at nothing.
You swing at nothing.
You block the orc warrior's attack.
You swing at nothing.
You block the orc warrior's attack.
You swing at nothing.
You block the orc warrior's attack.
You swing at nothing.
You block the orc warrior's attack.
You swing at nothing.
You swing at nothing.
The orc warrior hits you from afar with a +0 glaive.
* * * LOW HITPOINT WARNING * * *
You swing at nothing.
The orc warrior hits you from afar with a +0 glaive.
* * * LOW HITPOINT WARNING * * *
You swing at nothing.
You swing at nothing.
You block the orc warrior's attack.
You swing at nothing.
You block the orc warrior's attack.
You swing at nothing.
The orc warrior hits you from afar with a +0 glaive.
* * * LOW HITPOINT WARNING * * *
You swing at nothing.
You swing at nothing.
The orc warrior hits you but does no damage.
You swing at nothing.
The orc warrior hits you from afar with a +0 glaive.
You die...

#. #.## #... ##.#### ..#
#... ......## #.# #...
#######...####.######...
......†..†..............
#############...###########
#.....♣ ♣♣♣♣♣.♣♣♣♣♣
♣)♣♣♣♣.........♣
♣...o.♣......)....
♣†♣♣♣♣.........♣♣♣ ...♣
♣♣♣♣♣.♣♣♣♣♣ #.### ### ...
#♣. . #♣


You could see an orc warrior.

Vanquished Creatures
  Pikel (D:4)
  Sigmund (D:2)
  Eustachio (D:4)
  A steam dragon (D:6)
  An acid dragon (D:6)
  A water moccasin (D:6)
  An orc warrior (D:6)
  2 sky beasts
  2 ogres
  3 centaurs
  A kobold brigand (D:7)
  The ghost of hawla the Magician, an amateur DEAE (D:6)
  A bullfrog (D:7)
  A wyvern zombie (D:6)
  3 scorpions
  A wyvern skeleton (D:7)
  A howler monkey (D:7)
  3 jellies
  A hound (D:7)
  2 orc priests
  Crazy Yiuf (D:2)
  2 iguanas
  Natasha (twice) (D:2)
  Terence (D:2)
  A killer bee zombie (D:6)
  A hound skeleton (D:4)
  3 adders
  2 white imps
  2 ufetubi
  4 worms
  3 dart slugs
  5 orcs
  7 endoplasms
  3 giant cockroaches
  8 hobgoblins
  5 quokkas
  4 ball pythons
  9 bats
  4 frilled lizards
  8 goblins
  15 kobolds
  6 rats
125 creatures vanquished.

Notes
Turn   | Place    | Note
-------+----------+-------------------------------------------
     0 | D:1      | Sin92 the Minotaur Fighter began the quest for the Orb.
     0 | D:1      | Reached XP level 1. HP: 19/19 MP: 0/0
   211 | D:1      | Reached XP level 2. HP: 27/27 MP: 1/1
   292 | D:1      | Found Arryzekk's Book Emporium.
   310 | D:1      | Reached skill level 3 in Axes
   421 | D:1      | Reached XP level 3. HP: 29/33 MP: 2/2
   482 | D:1      | Found Igiok's Weapon Shop.
   722 | D:1      | Reached skill level 1 in Dodging
  1156 | D:2      | Noticed Sigmund
  1166 | D:2      | Killed Sigmund
  1167 | D:2      | Reached skill level 4 in Axes
  1167 | D:2      | Reached XP level 4. HP: 38/41 MP: 3/3
  1167 | D:2      | Reached XP level 5. HP: 44/47 MP: 4/4
  1200 | D:2      | Noticed Natasha
  1205 | D:2      | Killed Natasha
  1374 | D:2      | Noticed Terence
  1380 | D:2      | Killed Terence
  1525 | D:2      | Found an ornate altar of the Wu Jian Council.
  1674 | D:2      | Reached XP level 6. HP: 33/53 MP: 5/5
  1872 | D:2      | Noticed Natasha
  1878 | D:2      | Killed Natasha
  1986 | D:2      | Found a runed translucent door.
  1987 | D:2      | Noticed Crazy Yiuf
  2118 | D:2      | Killed Crazy Yiuf
  2119 | D:2      | Reached skill level 5 in Axes
  2733 | D:3      | Found a faded altar of an unknown god.
  2873 | D:4      | Reached skill level 5 in Armour
  2873 | D:4      | Reached skill level 5 in Shields
  2881 | D:4      | Reached skill level 5 in Fighting
  3132 | D:4      | Reached XP level 7. HP: 61/61 MP: 6/6
  3281 | D:4      | Noticed Eustachio
  3337 | D:4      | Killed Eustachio
  3338 | D:4      | Reached skill level 6 in Axes
  3687 | D:4      | Noticed Pikel
  3698 | D:4      | Killed Pikel
  3699 | D:4      | Reached skill level 7 in Axes
  3699 | D:4      | Reached XP level 8. HP: 52/70 MP: 7/7
  3864 | D:5      | Entered Level 5 of the Dungeon
  4069 | D:5      | Found a transporter.
  4114 | D:5      | Identified the +1 leather armour of the Stars {rPois rF-
                  | MP+9}
  4165 | D:5      | Found a transporter.
  4578 | D:5      | Found a staircase to the Ecumenical Temple.
  4739 | Temple   | Entered the Ecumenical Temple
  4760 | Temple   | Became a worshipper of Warmaster Okawaru
  4935 | D:6      | Reached skill level 8 in Axes
  5132 | D:6      | Found a runed translucent gate.
  5134 | D:6      | Found a runed translucent gate.
  5134 | D:6      | Noticed hawla's ghost (amateur DEAE)
  5226 | D:6      | Reached * piety under Okawaru
  5365 | D:6      | Reached XP level 9. HP: 31/78 MP: 8/8
  5659 | D:6      | Found a runed translucent gate.
  5773 | D:6      | Reached skill level 5 in Dodging
  5777 | D:6      | Killed hawla's ghost
  5939 | D:7      | Reached skill level 9 in Axes
  6099 | D:7      | Reached skill level 1 in Invocations
  6174 | D:7      | HP: 5/118 [orc warrior/+0 glaive (6)]
  6177 | D:7      | Slain by an orc warrior

Illustrated notes

Levels and vault maps discovered:
D:1:      dpeg_arrival_circle_labyrinth_c, layout_basic, serial_shops,
          nicolae_shop_bloodbath_and_beyond, shop, nrook_campfire,
          nicolae_wormholes
D:2:      layout_loops_ring, basic_altar, uniq_natasha, uniq_terence,
          uniq_sigmund, uniq_crazy_yiuf_cottage
D:3:      layout_rooms, shapermc_ecumenical_altar_notcrosses, dk_noncrumbling_2,
          serial_park_tiny_2, hangedman_decor_clover_reticule,
          chequers_serial_rivers_micro_c
D:4:      layout_cave_pools, kennysheep_small_square, uniq_pikel, uniq_eustachio
D:5:      gammafunk_wand_slinger, layout_basic, minmay_temple_entry_offerings
D:6:      layout_rooms, gammafunk_ghost_split
D:7:      nzn_winding_woodlands_medium [nzn_winding_woodlands_5x5_perimeter,
          nzn_winding_woodlands_5x15_default,
          nzn_winding_woodlands_5x5_open_star, nzn_winding_woodlands_hourglass,
          nzn_winding_woodlands_center_diamonds,
          nzn_winding_woodlands_5x5_checkerboard,
          nzn_winding_woodlands_5x5_three, nzn_winding_woodlands_5x15_default,
          nzn_winding_woodlands_5x5_cross], layout_basic
Temple:   minmay_crystal_snake_temple

Skill      XL: |  1  2  3  4  5  6  7  8  9 |
---------------+----------------------------+-----
Axes           | 3 4 5 7 8 9 |  9.3
Fighting       | 4 5 6 7 |  7.2
Dodging        | 2 4 5 |  5.4
Armour         | 4 5 6 7 |  7.4
Shields        | 4 5 6 7 |  7.2
Invocations    | 1 |  1.4

Action                   |  1- 3 |  4- 6 |  7- 9 || total
-------------------------+-------+-------+-------++-------
Melee: War axe           |    92 |    89 |   189 ||   370
       Headbutt          |    10 |    19 |    34 ||    63
  Use: Potion            |     1 |       |     8 ||     9
       Scroll            |       |     4 |     2 ||     6
Armor: Scale mail        |    49 |       |       ||    49
       Chain mail        |     7 |    53 |    67 ||   127
       Plate armour      |       |       |    25 ||    25
       Skin              |       |       |     2 ||     2
Dodge: Dodged            |    52 |    40 |    76 ||   168
Block: Buckler           |    32 |    20 |    20 ||    72
       Kite shield       |       |       |    88 ||    88
